 Dungeon Crawl Stone Soup version 0.29.1-12-g30fa7ad0bf (webtiles) character file.

Game seed: 5766843999179427480

10 wrenrar the Magician (level 2, 0/21 HPs)
             Began as a Djinni Summoner on Jan 9, 2023.
             Constricted to death by a ball python (1 damage)
             ... on level 1 of the Dungeon.
             The game lasted 00:03:45 (453 turns).

wrenrar the Magician (Djinni Summoner)               Turns: 453, Time: 00:03:46

Health: 0/21       AC:  2    Str:  7    XL:     2   Next: 30%
Gold:   0          EV:  9    Int: 16    God:
                   SH:  0    Dex: 13

rFire   + + .      SeeInvis .   (no weapon)
rCold   x . .      Faith    .   (no shield)
rNeg    . . .      Spirit   .   a - +0 robe
rPois   ∞          Reflect  .   (no helmet)
rElec   .          Harm     .   (no cloak)
rCorr   .          Rampage  .   (no gloves)
Will    .....                   (boots unavailable)
Stlth   ++........              (no amulet)
HPRegen 0.07/turn               (no ring)
MPRegen 0.00/turn               (no ring)

@: flying, constricted
A: sickness immunity, fire resistance 2, cold vulnerability 1, float, innate
caster, HP casting, extra vitality 1
a: no special abilities


You were on level 1 of the Dungeon.
You visited 1 branch of the dungeon, and saw 1 of its levels.

Inventory:

Armour
 a - a +0 robe (worn)


   Skills:
 + Level 2.5 Dodging
 + Level 1.9 Stealth
 + Level 3.3 Spellcasting


You couldn't memorise any spells.
You knew the following spells:

 Your Spells              Type           Power      Damage    Failure   Level
a - Summon Small Mammal   Summ           52%        N/A       4%          1
b - Call Imp              Summ           13%        N/A       7%          2
c - Call Canine Familiar  Summ           13%        N/A       14%         3
d - Summon Guardian Gole  Hex/Summ       13%        N/A       14%         3
e - Summon Lightning Spi  Summ/Air       13%        N/A       41%         4
Your spell library was empty.

Dungeon Overview and Level Annotations

Branches:
Dungeon (1/15)

Altars:

Shops:
D:1 *


Innate Abilities, Weirdness & Mutations

You are immune to sickness and miasma.
You are immune to poison.
Your flesh is very heat resistant. (rF++)
You are vulnerable to cold. (rC-)
You float through the air rather than walking.
You learn spells naturally, not from books.
Your magical power is your life essence.
You have superior vitality. (+4 MHP)


Message History

The bat is severely wounded.
The bat hits you.
* * * LOW HITPOINT WARNING * * *
The bat closely misses your quokka.
Your quokka barely misses the bat.
The bat hits you but does no damage. The ball python barely misses you.
The ball python grabs you. The ball python constricts you.
Your quokka bites the bat but does no damage.
The bat closely misses your quokka.
You miss the bat.
The bat is severely wounded.
The bat hits you but does no damage. The ball python bites you.
* * * LOW HITPOINT WARNING * * *
The ball python constricts you.
You barely miss the ball python.
The ball python is moderately wounded.
The bat hits your quokka but does no damage.
The ball python misses you. The ball python constricts you.
* * * LOW HITPOINT WARNING * * *
The bat completely misses your quokka.
Your quokka barely misses the bat.
Your quokka bites the bat.
The bat dies!
The ball python barely misses you. The ball python constricts you.
* * * LOW HITPOINT WARNING * * *
You closely miss the ball python.
The ball python is moderately wounded.
Your quokka closely misses the ball python.
The ball python closely misses you. The ball python constricts you.
You barely miss the ball python.
Your quokka disappears in a puff of smoke!
The ball python closely misses you. The ball python constricts you.
You hit the ball python.
The ball python is severely wounded.
The ball python bites you but does no damage.
The ball python constricts you.
* * * LOW HITPOINT WARNING * * *
You closely miss the ball python.
The ball python is severely wounded.
The ball python bites you but does no damage.
The ball python constricts you.
You die...

#.......⌠.⌠# .. ###
#.......÷.##########.#... ..
#.........#.......##.#.# ...
..#.................#....#g...
....................#....#....
.##.................#........
..$.#+###....†##).†.......#
..#. #......§S'..........####
[ # #......@†#..............
......#...#.......†......
#.##...#...#.............. ..
#...#...######......... #
#...# #......... #...#
#......... #...# #.........
#...# #......... #.........


You could see a ball python.

Vanquished Creatures (collateral kills)
  A ball python (D:1)
  An endoplasm (D:1)
  A hobgoblin (D:1)
  A quokka (D:1)
  3 bats (D:1)
  A frilled lizard (D:1)
  A goblin (D:1)
  A kobold (D:1)
10 creatures vanquished.

Notes
Turn   | Place    | Note
-------+----------+-------------------------------------------
     0 | D:1      | wrenrar the Djinni Summoner began the quest for the Orb.
     0 | D:1      | wrenrar set off with the following spells memorised: Summon
                  | Small Mammal, Call Imp, Call Canine Familiar, Summon
                  | Guardian Golem, Summon Lightning Spire.
     0 | D:1      | Reached XP level 1. HP: 15/15 MP: 0/0
    57 | D:1      | Found Eghovow's General Store.
   408 | D:1      | Reached XP level 2. HP: 20/21 MP: 0/0
   452 | D:1      | HP: 1/21 [constriction (1)]
   453 | D:1      | Constricted to death by a ball python

Illustrated notes

Levels and vault maps discovered:
D:1:      minmay_arrival_four_houses, layout_basic, serial_shops,
          shop_fountains, nicolae_shop_window_shopping, nicolae_square_shop,
          shop, nicolae_figureground_pulse

Action                   || total
-------------------------++-------
Melee: Unarmed           ||    22
 Cast: Summon Small Mamm ||     9
Armor: Robe              ||    29
Dodge: Dodged            ||    56
